 Seeded DCSS version 0.29-a0-23-ga79f92ac9c (webtiles) character file.

Game seed: 10000000000011 (custom seed)

276 knot the Chopper (level 6, -2/46 (47) HPs)
             Began as a Demonspawn Berserker on Jan 31, 2022.
             Was a Believer of Trog.
             Slain by an orc priest (3 damage)
             ... on level 4 of the Dungeon.
             The game lasted 00:02:36 (4505 turns).

knot the Chopper (Demonspawn Berserker)             Turns: 4505, Time: 00:02:37

HP:   -2/46 (47)    AC:  2    Str: 18    XL:     6   Next: 4%
MP:   6/6           EV: 12    Int: 10    God:    Trog [**....]
Gold: 119           SH:  0    Dex: 12    Spells: 5/5 levels left

rFire   . . .      SeeInvis .   a - +0 hand axe
rCold   . . .      Faith    .   (no shield)
rNeg    . . .      Spirit   .   b - +0 animal skin
rPois   .          Reflect  .   (no helmet)
rElec   .          Harm     .   (no cloak)
rCorr   .          Rampage  .   (no gloves)
Will    .....                   (no boots)
Stlth   +.........              (no amulet)
HPRegen 0.15/turn               (no ring)
MPRegen 0.20/turn               (no ring)

@: lightly drained
A: magic regeneration, demonic touch 2
a: Renounce Religion, Berserk, Trog's Hand


You were on level 4 of the Dungeon.
You worshipped Trog.
Trog was pleased with you.
You visited 1 branch of the dungeon, and saw 4 of its levels.

You collected 119 gold pieces.

Inventory:

Hand Weapons
 a - a +0 hand axe (weapon)
Missiles
 g - 71 stones (quivered)
 k - 2 poisoned darts
 p - 4 boomerangs
Armour
 b - a +0 animal skin (worn)
Jewellery
 d - an amulet of reflection
Wands
 n - a wand of polymorph (6)
Scrolls
 c - a scroll of amnesia {unknown}
 i - 2 scrolls of identify {unknown}
 m - 2 scrolls of blinking {unknown}
 o - a scroll of fog {unknown}
Potions
 e - a potion of curing {unknown}
 f - a potion of lignification {unknown}
 h - a potion of might {unknown}
 j - a potion of magic {unknown}
 l - a potion of heal wounds {unknown}


   Skills:
 - Level 3.0 Fighting
 + Level 6.2 Axes
 - Level 1.7 Armour
 - Level 1.7 Dodging


You had 5 spell levels left.
You didn't know any spells.
Your spell library contained the following spells:

 Spells                   Type           Power      Damage    Failure   Level
 Corpse Rot               Necr/Air       0%         N/A       50%         2
 Ensorcelled Hibernation  Hex/Ice        0%         N/A       50%         2
 Passwall                 Tmut/Erth      0%         N/A       50%         2
 Poisonous Vapours        Pois/Air       0%         N/A       50%         2
 Swiftness                Air            0%         N/A       75%         3


Dungeon Overview and Level Annotations

Branches:
Dungeon (4/15)             Temple (0/1) D:4

Altars:

Shops:
D:3 [

Annotations:
D:4 Dowan, Duvessa


Innate Abilities, Weirdness & Mutations

You regenerate magic rapidly.
Your touch may inflict irresistible damage on your foes.


Message History

You are exhausted.
You feel yourself slow down.
You start resting.
You feel yourself speed up.
You start resting.
You recover from your berserk rage.
You start resting.
You start resting.
You start resting.
HP restored.
You climb downwards.
Level annotation: Dowan, Duvessa The hobgoblin barely misses you.
Duvessa misses you. The orc priest hits you with a +0 club.
The hobgoblin hits you.
There is a stone staircase leading up, spattered with blood here.
Unknown command.
Unknown command.
Unknown command.
Unknown command.
Aiming: Polymorph
Press: ? - help, Shift-Dir - straight line, f - Duvessa
Aim: Duvessa, wielding a +2 short sword of draining and wearing a +0 ring mail (will become a river rat, a scorpion, or a wolf, chance to affect: 31%) Duvessa easily resists.
Duvessa hits you with a +2 short sword of draining!
You feel drained.
Dowan points at Duvessa and mumbles some strange words.
Duvessa seems to speed up.
The orc priest hits you with a +0 club. The hobgoblin hits you.
Aiming: Polymorph
Press: ? - help, Shift-Dir - straight line, f/p - Duvessa
Aim: Duvessa, wielding a +2 short sword of draining and wearing a +0 ring mail (fast, will become a river rat, a scorpion, or a wolf, chance to affect: 31%) Duvessa evaporates and reforms as a wolf!
Duvessa bites you!
* * * LOW HITPOINT WARNING * * *
The orc priest closely misses you. The hobgoblin hits you.
* * * LOW HITPOINT WARNING * * *
Duvessa completely misses you. The goblin barely misses you. Duvessa bites you!
* * * LOW HITPOINT WARNING * * *
The orc priest hits you with a +0 club.
You die...

#########
.......>####################
.......g..e.ge....e.....e.†.
##
....>..(###################.
.## ......>.#......#### ####
..##########.e...h......
#... )...# ##..o@...# #...
.##..... #..gg....# #.S. .##
#### .....######.# ###e..
..## ####.# #.# ##Z....
#..## #.. #. ##..##.. ##..#
##. #. #.e###.. ##.# .
###.### #.###... #.##
###+### #...Z... #..##
#.####⌠.⌠####.####$.


You could see Dowan, Duvessa the wolf, an orc priest, a hobgoblin and a goblin.

Vanquished Creatures
  An ogre (D:3)
  A scorpion (D:4)
  Ijyb (D:3)
  5 adders
  2 orcs (D:3)
  6 endoplasms
  2 giant cockroaches
  4 goblins
  4 hobgoblins
  14 jackals
  2 ball pythons
  7 bats
  5 frilled lizards
  3 kobolds
  5 rats
62 creatures vanquished.

Notes
Turn   | Place    | Note
-------+----------+-------------------------------------------
     0 | D:1      | knot the Demonspawn Berserker began the quest for the Orb.
     0 | D:1      | Reached XP level 1. HP: 18/18 MP: 1/1
   155 | D:1      | Reached skill level 3 in Axes
   750 | D:1      | Gained mutation: You regenerate magic rapidly. [demonic
                  | ancestry]
   750 | D:1      | Reached XP level 2. HP: 11/24 MP: 2/2
  1421 | D:1      | Reached ** piety under Trog
  2037 | D:2      | Gained mutation: Your touch may inflict minor irresistible
                  | damage on your foes. [demonic ancestry]
  2037 | D:2      | Reached XP level 3. HP: 24/29 MP: 3/3
  2199 | D:2      | Reached skill level 4 in Axes
  2980 | D:2      | Reached XP level 4. HP: 22/35 MP: 4/4
  3431 | D:3      | Noticed an ogre
  3439 | D:3      | Killed an ogre
  3440 | D:3      | Reached skill level 5 in Axes
  3440 | D:3      | Reached XP level 5. HP: 41/41 MP: 5/5
  3550 | D:3      | Found Daocsar's Antique Armour Emporium.
  4026 | D:4      | Reached skill level 6 in Axes
  4191 | D:4      | Found a staircase to the Ecumenical Temple.
  4205 | D:4      | Noticed Dowan
  4206 | D:4      | Noticed Duvessa
  4208 | D:4      | Noticed Ijyb
  4273 | D:3      | Killed Ijyb
  4274 | D:3      | Gained mutation: Your touch may inflict irresistible damage
                  | on your foes. [demonic ancestry]
  4274 | D:3      | Reached XP level 6. HP: 15/47 MP: 6/6
  4504 | D:4      | Noticed Duvessa
  4504 | D:4      | Duvessa changed into Duvessa the wolf
  4505 | D:4      | HP: 1/46 [Duvessa the wolf (9)]
  4505 | D:4      | Slain by an orc priest

Illustrated notes

Levels and vault maps discovered:
D:1:      lordsloth_arrival_two_stooges, layout_basic, grunt_decor_fettered,
          minmay_misc_feat_diagonals, nicolae_concentric_dashed_squares_wild
D:2:      layout_rooms, hangedman_decor_clover_reticule
D:3:      layout_basic, serial_shops, shop, kennysheep_path_1
D:4:      layout_rooms, temple_doors_e, uniq_duvessa, uniq_ijyb

Skill      XL: |  1  2  3  4  5 |
---------------+----------------+-----
Axes           | 3 4 5 6 |  6.2
Fighting       | |  3.0
Armour         | |  1.7
Dodging        | |  1.7

Action                   |  1- 3 |  4- 6 || total
-------------------------+-------+-------++-------
Melee: Hand axe          |   133 |    41 ||   174
       Punch             |     3 |       ||     3
       Touch             |     6 |     2 ||     8
Throw: Stone             |       |     2 ||     2
Invok: Berserk           |     4 |     3 ||     7
       Trog's Hand       |       |     2 ||     2
Evoke: Wand              |       |     2 ||     2
 Stab: Sleeping          |     1 |       ||     1
Armor: Animal skin       |    33 |     7 ||    40
Dodge: Dodged            |    96 |    48 ||   144

Table legend: (Time is in decaauts)
 A = Elapsed time spent in this place.
 B = Non-inter-level travel time spent in this place.
 C = Inter-level travel time spent in this place.
 D = Time resting spent in this place.
 E = Time spent auto-exploring this place.
 F = Levels seen in this place.
 G = Mean time per level.
                   A        B        C        D        E       F      G
               +--------+--------+--------+--------+--------+-----+--------+
         Total |   4595 |   4553 |     42 |   2240 |   1868 |   4 | 1148.8 |
       Dungeon |   4595 |   4553 |     42 |   2240 |   1868 |   4 | 1148.8 |
               +--------+--------+--------+--------+--------+-----+--------+

Top non-repeatable levels by time:
     D:1: 2049 daAuts
     D:2: 1359 daAuts
     D:3: 873 daAuts
     D:4: 313 daAuts
